 Dungeon Crawl Stone Soup version 0.19-a0-45-g2c295ea (webtiles) character file.

40 Mefis the Magician (level 3, 0/19 HPs)
             Began as a Deep Elf Wizard on May 5, 2016.
             Slain by an orc wizard
             ... wielding a +0 dagger
              (5 damage)
             ... on level 2 of the Dungeon.
             The game lasted 00:04:15 (1714 turns).

Mefis the Magician (Deep Elf Wizard)                Turns: 1714, Time: 00:04:15

Health: 0/19       AC:  3    Str:  4    XL:     3   Next: 30%
Magic:  1/11       EV: 13    Int: 23    God:
Gold:   38         SH:  0    Dex: 13    Spells: 4 memorised, 5 levels left

rFire  . . .     SeeInvis .     n - +0 dagger (elec)
rCold  . . .     Gourm    .     a - +0 robe
rNeg   . . .     Faith    .     (no shield)
rPois  .         Spirit   .     b - +0 hat
rElec  .         Dismiss  .     q - +0 cloak
rCorr  .         Reflect  .     (no gloves)
SustAt .         Harm     .     (no boots)
MR     .....                    (no amulet)
Stlth  ++........               (no ring)
                                (no ring)

@: not resistant to hostile enchantments, unstealthy
A: no striking features
a: no special abilities


You were on level 2 of the Dungeon.
You were very hungry.

You visited 1 branch of the dungeon, and saw 2 of its levels.

You collected 38 gold pieces.

Inventory:

Hand Weapons
 i - a +0 dagger
 n - a +0 dagger of electrocution (weapon)
Missiles
 p - 3 javelins (quivered)
 r - 12 arrows
Armour
 a - a +0 robe (worn)
 b - a +0 hat (worn)
 q - a +0 cloak (worn)
Scrolls
 f - 3 scrolls of remove curse {unknown}
 k - a scroll of recharging {unknown}
 m - 4 scrolls of identify {unknown}
 w - a scroll of fog {unknown}
Potions
 e - a potion of invisibility {unknown}
 g - 2 potions of berserk rage {unknown}
 j - 2 potions of resistance {unknown}
 l - a potion of agility {unknown}
 o - a potion of heal wounds {unknown}
 t - a potion of haste {unknown}
 u - a potion of flight {unknown}
 v - 2 potions of might {unknown}
 x - a potion of brilliance {unknown}
 z - a potion of curing {unknown}
Books
 c - a book of Minor Magic

   Spells                             Type                      Level
   a - Magic Dart                     Conjuration                  1
   b - Blink                          Translocation                2
   c - Call Imp                       Summoning                    2
   d - Repel Missiles                 Charms/Air                   2
   e - Slow                           Hexes                        2
   f - Conjure Flame                  Conjuration/Fire             3
   g - Mephitic Cloud                 Conjuration/Poison/Air       3
Comestibles
 d - 2 bread rations
 h - a beef jerky
 s - a meat ration


   Skills:
 * Level 2.7 Dodging
 * Level 2.8 Stealth
 + Level 5.1 Spellcasting
 + Level 1.3 Conjurations
 + Level 1.7 Charms
 + Level 1.5 Summonings
 + Level 1.2 Translocations


You had 5 spell levels left.
You knew the following spells:

 Your Spells              Type           Power        Failure   Level  Hunger
a - Magic Dart            Conj           ##..         6%          1    None
b - Call Imp              Summ           ##......     10%         2    None
c - Blink                 Tloc           N/A          10%         2    None
d - Repel Missiles        Chrm/Air       #.....       12%         2    None


Dungeon Overview and Level Annotations

Branches:
Dungeon (2/15)

Altars:
Ru


Message History

Here: a hobgoblin (softly glowing, resting)
The floor.
The dart slug bites you but does no damage.
Casting: Blink
Confirm with . or Enter, or press ? or * to list all spells.
A beastly little devil appears in a puff of flame.
The orc wizard hits you with a dagger.
* * * LOW HITPOINT WARNING * * *
The dart slug misses your crimson imp.
Your crimson imp hits the dart slug.
The dart slug closely misses your crimson imp.
Your crimson imp hits the dart slug.
Your crimson imp hits the dart slug.
The dart slug bites your crimson imp.
Your crimson imp blinks!
Something barely misses your crimson imp.
The orc wizard hits you but does no damage.
You are too injured to fight recklessly!
You hit the orc wizard but do no damage.
The orc wizard is heavily wounded.
The orc wizard hits you with a dagger.
You die...

## ##############
.# #...w.5......#
.## #...########.#
..###.....# #....#
.......'### ###+.#
######.#...#...#o#
.....#.#.g.#...#@#
####.#.#.......###
####...###._.#
...###.#.......
##.###.#.†.#...
.....#.#...#...
.##..#.'#######
.##..#.........
#.#..#.###.#...


You could see an orc wizard (mute).

Vanquished Creatures
  2 adders (D:2)
  A dart slug (D:2)
  A giant gecko (D:2)
  2 bats
  A giant cockroach (D:2)
  2 hobgoblins (D:1)
  2 jackals (D:1)
  2 ball pythons (D:1)
  A giant gecko skeleton (D:1)
  2 giant newts (D:1)
  3 kobolds
  3 rats (D:2)
22 creatures vanquished.

Notes
Turn   | Place    | Note
--------------------------------------------------------------
     0 | D:1      | Mefis the Deep Elf Wizard began the quest for the Orb.
     0 | D:1      | Reached XP level 1. HP: 10/10 MP: 7/7
   825 | D:1      | Reached XP level 2. HP: 15/15 MP: 6/9
   832 | D:1      | Learned a level 2 spell: Call Imp
   835 | D:1      | Learned a level 2 spell: Blink
   838 | D:1      | Learned a level 2 spell: Repel Missiles
  1254 | D:2      | Reached skill level 5 in Spellcasting
  1320 | D:2      | Reached skill level 1 in Charms
  1320 | D:2      | Reached XP level 3. HP: 17/19 MP: 4/11
  1657 | D:2      | Found a sacrificial altar of Ru.
  1714 | D:2      | Slain by an orc wizard

Vault maps used:
D:1:      shiori_arrival_oz
D:2:      nicolae_ru_great_annihilating_truth, serial_corexii_hall,
          corexii_hall_statues_x, corexii_hall_statues_deadend, first_bread

Skill      XL: |  1  2 |
---------------+-------+-----
Spellcasting   | 5 |  5.1
Charms         | 1 |  1.7
Dodging        | |  2.7
Stealth        | |  2.8
Conjurations   | |  1.3
Summonings     | |  1.5
Translocations | |  1.2

Action                   || total
-------------------------++-------
Melee: Dagger            ||     7
 Cast: Magic Dart        ||    61
       Repel Missiles    ||     1
       Blink             ||     1
       Call Imp          ||     1
  Eat: Chunk             ||     1
Armor: Robe              ||     9
Dodge: Dodged            ||    11
       Deflected         ||     1
